 Dungeon Crawl Stone Soup version 0.17-a0-910-ga669010 (webtiles) character file.

704 hornqvist the Shield-Bearer (level 7, 3/52 HPs)
             Began as a Formicid Fighter on May 2, 2015.
             Quit the game on level 5 of the Dungeon.
             The game lasted 00:04:28 (3823 turns).

hornqvist the Shield-Bearer (Formicid Fighter)      Turns: 3823, Time: 00:04:28

Health: 3/52       AC:  8    Str: 22    XL:     7   Next: 99%
Magic:  7/7        EV: 10    Int:  8    God:
Gold:   135        SH: 10    Dex: 10    Spells: 0 memorised, 6 levels left

rFire  . . .     SeeInvis +     a - +0 war axe
rCold  + . .     Clarity  .     b - +0 scale mail
rNeg   . . .     SustAb   .     c - +0 shield
rPois  .         Gourm    .     (helmet unavailable)
rElec  .         Spirit   .     (no cloak)
rCorr  .         Warding  .     z - +0 pair of gloves
rMut   .         Stasis   +     (no boots)
MR     .....                    (no amulet)
Stlth  ..........               t - ring of protection from cold
                                m - ring of wizardry

@: lethally poisoned (3 -> -4), not resistant to hostile enchantments, extremely
unstealthy
A: permanent stasis, dig shafts and tunnels, four strong arms, antennae 3
a: Dig, Shaft Self


You were on level 5 of the Dungeon.
You were not hungry.

You visited 1 branch of the dungeon, and saw 5 of its levels.
You also visited: Sewer.

You collected 135 gold pieces.

Inventory:

Hand weapons
 a - a +0 war axe (weapon)
Armour
 b - a +0 scale mail (worn)
 c - a +0 shield (worn)
 z - a +0 pair of gloves (worn)
Jewellery
 m - a ring of wizardry (left hand)
 t - a ring of protection from cold (right hand)
 u - a cursed ring of teleportation {unknown}
Scrolls
 f - 4 scrolls of identify {unknown}
 h - a scroll of blinking {unknown}
 i - a scroll of recharging {unknown}
 j - a scroll of fear {unknown}
 k - 2 scrolls of remove curse {unknown}
 l - a scroll of amnesia {unknown}
 p - a scroll of magic mapping {unknown}
 x - a scroll of enchant armour {unknown}
 y - a scroll of teleportation {unknown}
Potions
 d - 2 potions of heal wounds {unknown}
 g - a potion of haste {unknown}
 n - 3 potions of flight {unknown}
 r - a potion of brilliance {unknown}
 s - a potion of degeneration {unknown}
Comestibles
 e - a bread ration
 o - a beef jerky
 v - a royal jelly
 w - 2 meat rations


   Skills:
 - Level 3.2 Fighting
 * Level 5.4 Axes
 + Level 5.2 Armour
 + Level 3.1 Dodging
 + Level 5.6 Shields


You had 6 spell levels left.
You didn't know any spells.

Dungeon Overview and Level Annotations

Branches:
Dungeon (5/15)
 Temple: D:4-7

Altars:
Okawaru


Innate Abilities, Weirdness & Mutations

You are under a permanent stasis effect.
You can dig through walls and to a lower floor.
Your four strong arms can wield two-handed weapons with a shield.
You have a pair of large antennae on your head (SInv).


Message History

The killer bee closely misses you. You block the killer bee's attack.
You miss the killer bee. The killer bee closely misses you.
The killer bee stings you but does no damage.
You closely miss the killer bee.
You feel sick. You block the killer bee's attack.
The killer bee closely misses you. You block the killer bee's attack.
You take 1 damage, and have 8/52 hp.
You closely miss the killer bee. The killer bee barely misses you.
You block the killer bee's attack.
You miss the killer bee. The killer bee stings you.
* * * LOW HITPOINT WARNING * * *
You are lethally poisoned!
The killer bee poisons you!
The killer bee stings you but does no damage.
You block the killer bee's attack.
You take 4 damage, and have 5/52 hp.
You miss the killer bee.
* * * LOW HITPOINT WARNING * * *
You feel sick. You block the killer bee's attack. The killer bee misses you.
You take 2 damage, and have 3/52 hp.

#..........# #..........#
#.....<....# ###
######.....### .##.. ...#
##..#.# #..... ##..## ####.#
..... ##....# ##.# ## ....
####.....#####..#
...###..##yy@.#.........##
..y.....#.Z####........##
........#..#####..#####.#####
.............{....# #.....#
.........#..####..########..#
........##................##
......[.........###########
........######### #.......


You could see 2 killer bees and a giant frog zombie.

Vanquished Creatures
  The ghost of Borgoz the Sneak, an average NaEn (Sewer)
  A big kobold (Sewer)
  An ogre (D:4)
  A scorpion (D:4)
  A killer bee (D:5)
  An orc wizard (D:4)
  Jessica (D:2)
  2 worker ants
  8 adders
  2 gnolls (D:1)
  2 river rats (Sewer)
  An ooze (D:1)
  An adder skeleton (D:4)
  3 worms
  5 orcs
  8 bats
  5 giant cockroaches
  5 goblins
  12 hobgoblins
  8 jackals
  9 kobolds
  2 quokkas (D:2)
  3 ball pythons
  2 giant geckos
  2 giant newts
  17 rats
  A bush (D:2)
  A plant (D:2)
106 creatures vanquished.

Vanquished Creatures (others)
  A plant (D:2)
1 creature vanquished.

Grand Total: 107 creatures vanquished

Notes
Turn   | Place    | Note
--------------------------------------------------------------
     0 | D:1      | hornqvist, the Formicid Fighter, began the quest for the Orb.
     0 | D:1      | Reached XP level 1. HP: 18/18 MP: 1/1
    86 | D:1      | Reached XP level 2. HP: 22/24 MP: 2/2
   164 | D:1      | Reached skill level 1 in Dodging
   164 | D:1      | Reached XP level 3. HP: 6/29 MP: 3/3
   746 | D:2      | Reached skill level 4 in Shields
   746 | D:2      | Reached XP level 4. HP: 20/35 MP: 4/4
  1057 | D:2      | Noticed Jessica
  1062 | D:2      | Killed Jessica
  1083 | D:2      | Reached XP level 5. HP: 37/41 MP: 5/5
  2236 | D:3      | Found a glowing drain.
  2251 | Sewer    | Entered a sewer
  2265 | Sewer    | Reached XP level 6. HP: 32/47 MP: 6/6
  2480 | Sewer    | Noticed Borgoz's ghost (average NaEn)
  2503 | Sewer    | Killed Borgoz's ghost
  2503 | Sewer    | Reached skill level 5 in Shields
  2626 | Sewer    | Reached XP level 7. HP: 38/52 MP: 7/7
  2736 | Sewer    | Found a white marble altar of Elyvilon.
  3182 | D:4      | Reached skill level 5 in Axes
  3244 | D:4      | Reached skill level 5 in Armour
  3530 | D:4      | Found an iron altar of Okawaru.
  3746 | D:5      | Entered Level 5 of the Dungeon
  3823 | D:5      | Quit the game

Action                   |  1- 3 |  4- 6 |  7- 9 || total
-------------------------+-------+-------+-------++-------
Melee: War axe           |    96 |   296 |   109 ||   501
  Use: Potion            |       |     1 |       ||     1
  Eat: Chunk             |       |     6 |     3 ||     9
       Pizza             |       |       |     1 ||     1
